 Dungeon Sprint DCSS version 0.30.1-4-g462c640d31 (webtiles) character file.

Game seed: 8667787245500683878

601 Heoruswealwe the Grappler (level 7, -9/76 HPs)
             Began as a Troll Berserker on Sept 5, 2023.
             Was a Priest of Trog.
             Mangled by a centaur warrior (11 damage)
             ... in the Dungeon (Sprint I: "Red Sonja").
             The game lasted 00:04:03 (203 turns).

Heoruswealwe the Grappler (Troll Berserker)          Turns: 203, Time: 00:04:05

Health: -9/76      AC:  7    Str: 28    XL:     7   Next: 18%
Magic:  10/10      EV: 11    Int:  9    God:    Trog [***...]
Gold:   114        SH:  0    Dex:  9    Spells: 6/6 levels left

rFire   . .          .
                       - Unarmed
rCold   . . .        (no shield)
rNeg    . . .        a - +0 animal skin
rPois   .            (helmet restricted)
rElec   .            f - +2 cloak
rCorr   .            (gloves unavailable)
SInv    .            (boots unavailable)
Will    .....        (no amulet)
Stlth   +            k - +6 ring of intelligence
HPRegen 1.12/turn    (no ring)
MPRegen 0.12/turn

%: no teleportation
@: no status effects
A: large, unfitting armour, claws 3, regeneration 1, shaggy fur 1, tough skin 1
a: Renounce Religion, Berserk, Trog's Hand


You were in the Dungeon.
You worshipped Trog.
Trog was most pleased with you.
You visited 1 branch You collected 474 gold pieces.
You spent 360 gold pieces at shops.

Inventory:

Armour
 a - a +0 animal skin (worn)
 f - a +2 cloak (worn)
Jewellery
 k - a +6 ring of intelligence (left claw)
Wands
 h - a wand of digging (8)
Scrolls
 g - a scroll of blinking
Potions
 b - a potion of curing
 c - a potion of heal wounds
 d - a potion of haste
 e - a potion of berserk rage


   Skills:
 + Level 6.3 Fighting
 + Level 6.3 Dodging
 * Level 10.4 Unarmed Combat
 + Level 6.2 Invocations


You had 6 spell levels left.
You didn't know any spells.
Your spell library was empty.

Dungeon Overview and Level Annotations

Branches:
Dungeon (1/1)

Altars:
Cheibriados
Dithmenos
Elyvilon
Fedhas
Gozag
Hepliaklqana
Kikubaaqudgha
Makhleb
Nemelex Xobeh
Okawaru
Qazlal
Ru
Sif Muna
Trog
Uskayaw
Vehumet
Wu Jian
Xom
Yredelemnul
Zin
The Shining One
Jiyva
Lugonu

Shops:
D =


Innate Abilities, Weirdness & Mutations

You are too large for most types of armour.
You have claws for hands.
Your natural rate of healing is unusually fast.
You are covered in fur. (AC +1)
You have tough skin. (AC +1)


Message History

You closely miss the centaur warrior. The centaur warrior hits you!
The centaur warrior kicks you. The centaur warrior closely misses you.
The centaur warrior kicks you.
You mangle the centaur warrior!! You claw the centaur warrior!
The centaur warrior is severely wounded.
The centaur warrior hits you but does no damage.
The centaur warrior kicks you but does no damage.
The centaur warrior hits you! The centaur warrior kicks you.
You claw the centaur warrior!
The centaur warrior is almost dead.
The centaur warrior hits you!
The centaur warrior kicks you but does no damage.
The centaur warrior hits you.
The centaur warrior completely misses you.
The centaur warrior hits you. The centaur warrior misses you.
The centaur warrior hits you.
* * * LOW HITPOINT WARNING * * *
The centaur warrior barely misses you.
You completely miss the centaur warrior.
The centaur warrior is almost dead.
The centaur warrior hits you.
* * * LOW HITPOINT WARNING * * *
The centaur warrior kicks you.
* * * LOW HITPOINT WARNING * * *
The centaur warrior completely misses you.
The centaur warrior kicks you but does no damage.
You closely miss the centaur warrior.
The centaur warrior is almost dead.
The centaur warrior hits you but does no damage.
The centaur warrior kicks you but does no damage.
The centaur warrior barely misses you. The centaur warrior kicks you.
* * * LOW HITPOINT WARNING * * *
You completely miss the centaur warrior.
The centaur warrior is almost dead.
The centaur warrior hits you!
* * * LOW HITPOINT WARNING * * *
The centaur warrior kicks you.
* * * LOW HITPOINT WARNING * * *
The centaur warrior hits you!
You die...

###################
#..)..#..'..#__#..+
!..#..').#..'..'..#
#####'#####'#__####
####..#...#.####!§#
#__####..##.#§§§§§#
#_____##'#_.+~§§c§+
#_.∩...'..._#~§§@c#
#_..__##_.#'##+####
#_____###+#)#
####### ###


You could see 2 centaur warriors.

Vanquished Creatures
  A slime creature (D)
  Sigmund (D)
  A yak (D)
  An ogre (D)
  A jelly (D)
  Ijyb (D)
6 creatures vanquished.

Notes
Turn   | Place    | Note
-------+----------+-------------------------------------------
     0 | D        | Heoruswealwe the Troll Berserker began the quest for the
                  | Orb.
     0 | D        | Reached XP level 1. HP: 22/22 MP: 0/0
     1 | D        | Noticed Ijyb
    18 | D        | Killed Ijyb
    19 | D        | Reached skill level 4 in Unarmed Combat
    19 | D        | Reached XP level 2. HP: 13/31 MP: 0/2
    44 | D        | Noticed an ogre
    48 | D        | Killed an ogre
    49 | D        | Reached skill level 6 in Unarmed Combat
    49 | D        | Reached XP level 3. HP: 39/39 MP: 2/4
    49 | D        | Reached XP level 4. HP: 48/48 MP: 2/5
    59 | D        | Noticed Sigmund
    63 | D        | Killed Sigmund
    63 | D        | Reached ** piety under Trog
    64 | D        | Reached skill level 5 in Fighting
    64 | D        | Reached skill level 5 in Dodging
    64 | D        | Reached skill level 8 in Unarmed Combat
    64 | D        | Reached XP level 5. HP: 51/57 MP: 3/7
    64 | D        | Reached XP level 6. HP: 60/66 MP: 3/8
    76 | D        | Found an ornate altar of the Wu Jian Council.
    76 | D        | Found a shimmering blue altar of Sif Muna.
    78 | D        | Found a radiant altar of Vehumet.
    82 | D        | Reached skill level 5 in Invocations
   127 | D        | Found Geth's Jewellery Emporium.
   127 | D        | Found an ancient bone altar of Kikubaaqudgha.
   127 | D        | Found a hazy altar of Hepliaklqana.
   127 | D        | Found a stormy altar of Qazlal.
   127 | D        | Found a hide-covered altar of Uskayaw.
   127 | D        | Found a blossoming altar of Fedhas.
   127 | D        | Found a bloodstained altar of Trog.
   127 | D        | Found an iron altar of Okawaru.
   127 | D        | Found a basalt altar of Yredelemnul.
   127 | D        | Found a glowing golden altar of the Shining One.
   127 | D        | Found a snail-covered altar of Cheibriados.
   127 | D        | Found a sacrificial altar of Ru.
   127 | D        | Found a glowing silver altar of Zin.
   127 | D        | Found a shadowy altar of Dithmenos.
   127 | D        | Found a white marble altar of Elyvilon.
   127 | D        | Noticed a yak
   130 | D        | Killed a yak
   131 | D        | Reached skill level 9 in Unarmed Combat
   131 | D        | Found an opulent altar of Gozag.
   132 | D        | Found a sparkling altar of Nemelex Xobeh.
   136 | D        | Bought a +6 ring of intelligence for 360 gold pieces
   163 | D        | Found a burning altar of Makhleb.
   163 | D        | Found a viscous altar of Jiyva.
   163 | D        | Found a shimmering altar of Xom.
   163 | D        | Found a corrupted altar of Lugonu.
   163 | D        | Noticed a slime creature
   168 | D        | Killed a slime creature
   168 | D        | Reached *** piety under Trog
   169 | D        | Reached skill level 10 in Unarmed Combat
   169 | D        | Reached XP level 7. HP: 69/76 MP: 10/10
   191 | D        | Noticed a centaur warrior
   191 | D        | Noticed a centaur warrior
   203 | D        | HP: 2/76 [centaur warrior (2)]
   203 | D        | Mangled by a centaur warrior

Illustrated notes

Levels and vault maps discovered:
D:        dungeon_sprint_1 [red_sonja_temple_1, red_sonja_temple_small_1]

Skill      XL: |  1  2  3  4  5  6 |
---------------+-------------------+-----
Fighting       | 3 4 5 6 |  6.3
Dodging        | 3 4 5 6 |  6.3
Unarmed Combat | 4 6 8 10 | 10.4
Invocations    | 2 3 4 6 |  6.2

Action                     |  1- 3 |  4- 6 |  7- 9 || total
---------------------------+-------+-------+-------++-------
  Melee: Unarmed           |    19 |    12 |     6 ||    37
         Punch             |     1 |     1 |     1 ||     3
  Evoke: Wand              |     1 |       |       ||     1
 Armour: Animal skin       |     1 |       |     7 ||     8
  Dodge: Dodged            |     8 |     1 |    10 ||    19
